Map: Moonlight Madness LE (Void)

Players

Pinky

  • Race: Protoss Protoss
  • League: Silver

SticklerMac - Winner!

  • Race: Zerg Zerg
  • League: Silver

VOD

Have the link to the VOD?

Description

Time

  • Played on: Sept. 26, 2015, 8:34 p.m.
  • Length: 7:08
Show
View Real Time Build Order
Export as new Build Order

Pinky Protoss 

Build Orders: Double Forge 

Get SALT Encoding   

  12  0:00  Probe (Chrono Boost)  
  13  0:10  Probe (Chrono Boost)  
  14  0:19  Pylon  
  14  0:20  Probe (Chrono Boost)  
  15  0:37  Probe (Chrono Boost)  
  16  0:44  Gateway  
  16  0:47  Probe (Chrono Boost)  
  17  0:54  Assimilator  
  17  0:57  Probe (Chrono Boost)  
  18  1:07  Probe (Chrono Boost)  
  18  1:08  Pylon  
  19  1:17  Probe (Chrono Boost)  
  20  1:26  Probe (Chrono Boost)  
  20  1:30  Assimilator  
  21  1:34  Cybernetics Core  
  21  1:36  Probe (Chrono Boost), Zealot  
  24  1:46  Probe (Chrono Boost)  
  25  1:56  Probe (Chrono Boost)  
  26  2:12  Mothership Core (Chrono Boost), Nexus  
  28  2:18  Warp Gate  
  28  2:24  Adept  
  28  2:29  Pylon  
  30  2:30  Probe (Chrono Boost)  
  31  2:46  Probe (Chrono Boost)  
  32  2:56  Probe (Chrono Boost)  
  33  3:16  Probe (Chrono Boost)  
  32  3:22  Pylon x2  
  32  3:24  Probe (Chrono Boost)  
  32  3:26  Probe (Chrono Boost)  
  34  3:34  Probe (Chrono Boost), Robotics Facility, Gateway  
  34  3:40  Gateway, Probe (Chrono Boost)  
  36  3:43  Pylon  
  36  3:44  Probe (Chrono Boost)  
  37  3:50  Probe (Chrono Boost)  
  37  3:54  Probe (Chrono Boost)  
  39  4:00  Probe (Chrono Boost)  
  40  4:04  Probe (Chrono Boost)  
  40  4:07  Forge  
  41  4:10  Forge  
  36  4:34  Zealot  
  36  4:37  Protoss Ground Weapons Level 1 (Chrono Boost)  
  36  4:38  Protoss Ground Armor Level 1 (Chrono Boost)  
  34  4:49  Immortal  
  34  4:51  Probe (Chrono Boost)  
  34  4:52  Probe (Chrono Boost)  
  40  5:03  Probe x2  
  42  5:07  Zealot x3  
  16  5:29  Zealot x3  
  20  5:42  Probe x2  
  13  5:54  Probe  
  13  5:55  Probe  
  12  6:20  Probe x2 (Chrono Boost)  
  11  6:43  Probe (Chrono Boost)  
  12  6:49  Sentry  
Show
View Real Time Build Order
Export as new Build Order

SticklerMac Zerg - Winner!

Build Orders: Hatch First 

Get SALT Encoding   

  12  0:00  Drone  
  13  0:13  Overlord  
  13  0:18  Drone  
  14  0:31  Drone x2  
  16  0:36  Drone  
  17  0:56  Hatchery  
  16  0:58  Drone  
  16  1:00  Drone  
  16  1:03  Extractor  
  17  1:16  Spawning Pool  
  16  1:19  Drone  
  17  1:27  Drone  
  17  1:29  Drone  
  19  1:39  Drone  
  20  1:50  Overlord  
  20  2:01  Drone  
  20  2:04  Metabolic Boost  
  20  2:07  Queen  
  23  2:08  Queen  
  23  2:11  Drone  
  26  2:20  Drone x2  
  26  2:22  Drone  
  29  2:34  Drone x2  
  31  2:40  Zergling x2  
  32  2:45  Queen  
  32  2:48  Queen  
  36  2:53  Overlord  
  36  2:55  Overlord  
  34  3:09  Zergling x6  
  36  3:20  Zergling x2  
  36  3:21  Zergling x12  
  44  3:34  Zergling x8  
  44  3:35  Zergling x2  
  48  3:44  Zergling x2  
  49  3:51  Lair  
  49  3:57  Zergling x6  
  49  4:17  Zergling x2  
  48  4:18  Zergling x6  
  48  4:19  Overlord x4  
  47  4:34  Zergling x2  
  47  4:35  Zergling x10  
  51  4:43  Zergling x4  
  51  5:00  Drone x4  
  51  5:01  Drone x2  
  51  5:04  Drone  
  58  5:11  Drone  
  59  5:21  Zergling x18  
  60  5:36  Zergling x2  
  60  5:37  Zergling x2  
  58  5:43  Zergling x2  
  58  5:44  Zergling x14  
  60  5:51  Drone x2  
  61  6:10  Zergling x14  
  66  6:18  Zergling x2  
  66  6:19  Zergling x8  
  68  6:36  Hatchery  
  63  6:41  Zergling x4  
  63  6:42  Zergling x14  
  72  6:52  Evolution Chamber  
  72  6:53  Evolution Chamber  
Tags
 
Add a new tag
Caveats
  • Supply blocks, unpowered buildings, or Contaminate may cause inaccurate times.
  • Supply counts are checked every 10 seconds.